 Dungeon Crawl Stone Soup version 0.30-a0-965-g42e074c17a (webtiles) character file.

Game seed: 14369176652767517180

21 coolguy69 the Cutter (level 2, 0/16 HPs)
             Began as a Vine Stalker Berserker on Mar 31, 2023.
             Was a Follower of Trog.
             Succumbed to an adder's poison
             ... on level 2 of the Dungeon.
             The game lasted 00:00:39 (949 turns).

coolguy69 the Cutter (Vine Stalker Berserker)        Turns: 949, Time: 00:00:40

Health: 0/16       AC:  2    Str: 19    XL:     2   Next: 83%
Magic:  1/3        EV: 12    Int:  7    God:    Trog [*.....]
Gold:   42         SH:  0    Dex: 13    Spells: 1/1 levels left

rFire   . . .      SeeInvis +    a - +0 short sword
rCold   + . .      Faith    .    (no shield)
rNeg    . . .      Spirit   +    b - +0 animal skin
rPois   .          Reflect  .    (no helmet)
rElec   .          Rampage  .    (no cloak)
rCorr   .                        (no gloves)
Will    .....                    (no boots)
Stlth   +                        (no amulet)
HPRegen 0.22/turn                k - ring of see invisible
MPRegen 0.08/turn                e - ring of protection from cold

@: lethally poisoned (0 -> -1)
A: fangs 2, magic shield, antimagic bite, no potion heal 2
a: Renounce Religion, Berserk


You were on level 2 of the Dungeon.
You worshipped Trog.
Trog was aware of your devotion.
You visited 1 branch of the dungeon, and saw 2 of its levels.

You collected 42 gold pieces.

Inventory:

Hand Weapons
 a - a +0 short sword (weapon)
Armour
 b - a +0 animal skin (worn)
Jewellery
 e - a ring of protection from cold (right hand)
 k - a ring of see invisible (left hand)
Scrolls
 f - a scroll of silence {unknown}
 g - a scroll of blinking {unknown}
 h - a scroll of vulnerability {unknown}
Potions
 c - a potion of haste {unknown}
 d - a potion of attraction {unknown}
 i - a potion of curing {unknown}
 j - a potion of might {unknown}


   Skills:
 + Level 3.0 Fighting
 * Level 3.0 Short Blades
 - Level 1.8 Armour
 - Level 1.8 Dodging


You had one spell level left.
You didn't know any spells.
Your spell library was empty.

Dungeon Overview and Level Annotations

Branches:
Dungeon (2/15)

Altars:


Innate Abilities, Weirdness & Mutations

You have extremely sharp teeth.
When hurt, damage is shared between your health and your magic reserves.
Your bite disrupts and absorbs the magic of your enemies.
Potions cannot restore your health.


Message History

The adder misses you.
You miss the adder.
The adder is almost dead.
The adder bites you.
You hit the adder but do no damage. Your bite misses the adder.
The adder is almost dead.
The adder bites you.
You are poisoned.
The adder poisons you!
You hit the adder but do no damage.
The adder is almost dead.
You feel sick. The adder barely misses you.
You are too injured to fight recklessly!
You are too injured to fight recklessly!
You are too injured to fight recklessly!
You hit the adder. You bite the adder, but do no damage.
The adder is almost dead.
You feel sick. The adder barely misses you.
You barely miss the adder.
The adder is almost dead.
You feel sick. The adder closely misses you. x2
You hit the adder but do no damage.
The adder is almost dead.
You feel sick. The adder misses you.
You miss the adder.
The adder is almost dead.
You feel sick. The adder bites you.
* * * LOW HITPOINT WARNING * * *
You miss the adder.
The adder is almost dead.
The adder bites you.
* * * LOW HITPOINT WARNING * * *
Unknown command.
You closely miss the adder. Your bite misses the adder.
The adder is almost dead.
* * * LOW HITPOINT WARNING * * *
You feel sick. The adder closely misses you.
You closely miss the adder. Your bite misses the adder.
The adder is almost dead.
You die...

#.# #..# #.#
#.# #..# #.#
#.# #..# #.#
#.# #..# #.#
..#####..# #.#
...$.....###.#
#......#
#..##### #.@#
#.S# #..# #..#
#..# ...# ####


You could see an adder.

Vanquished Creatures
  A gnoll (D:1)
  3 bats (D:1)
  An endoplasm (D:1)
  A goblin (D:1)
  2 hobgoblins
  A ball python (D:1)
  A frilled lizard (D:1)
  A kobold (D:1)
  2 rats (D:1)
13 creatures vanquished.

Notes
Turn   | Place    | Note
-------+----------+-------------------------------------------
     0 | D:1      | coolguy69 the Vine Stalker Berserker began the quest for
                  | the Orb.
     0 | D:1      | Reached XP level 1. HP: 11/11 MP: 2/2
    57 | D:1      | Found a faded altar of an unknown god.
   112 | D:1      | Reached XP level 2. HP: 2/16 MP: 1/3
   949 | D:2      | Succumbed to an adder's poison

Illustrated notes

Levels and vault maps discovered:
D:1:      lightli_arrival_boilingwater, layout_loops_cross,
          shapermc_ecumenical_altar_starsandcircs, minmay_fountain_box,
          minivault_24, serial_park_tiny_2
D:2:      layout_loops_ring, serial_shops, shop, basic_altar

Skill      XL: |  1  2 |
---------------+-------+-----
Short Blades   | 3 |  3.0
Fighting       | 3 |  3.0
Armour         | |  1.8
Dodging        | |  1.8

Action                     || total
---------------------------++-------
  Melee: Short sword       ||    59
         Bite              ||    16
 Invoke: Berserk           ||     1
 Armour: Animal skin       ||    13
  Dodge: Dodged            ||    28

Table legend: (Time is in decaauts)
 A = Elapsed time spent in this place.
 B = Non-inter-level travel time spent in this place.
 C = Inter-level travel time spent in this place.
 D = Time resting spent in this place.
 E = Time spent auto-exploring this place.
 F = Levels seen in this place.
 G = Mean time per level.
                   A        B        C        D        E       F      G
               +--------+--------+--------+--------+--------+-----+--------+
         Total |    952 |    909 |     43 |    165 |    632 |   2 |  476.0 |
       Dungeon |    952 |    909 |     43 |    165 |    632 |   2 |  476.0 |
               +--------+--------+--------+--------+--------+-----+--------+

Top non-repeatable levels by time:
     D:1: 888 daAuts
     D:2: 64 daAuts
